[Event "Int SVK-ch Open 2020"]
[Site "Drienica"]
[Date "2020.08.09"]
[Round "3.24"]
[White "Dragula, Miroslav"]
[Black "Sevcik, Ondrej"]
[Result "1-0"]
[ECO "D31"]
[WhiteElo "1566"]
[BlackElo "1017"]
[Annotator "NA"]
[PlyCount "81"]
[EventDate "2020.08.07"]
[EventType "swiss"]
[EventCountry "SVK"]
[SourceTitle "playchess.com"]
[Source "ChessBase"]
[SourceQuality "1"]
[TimeControl "40/5400+30:1800+30"]

1. d4 d5 2. c4 e6 3. Nc3 f5 4. Nf3 c6 5. e3 Nf6 6. Bd3 Be7 7. Bd2 O-O 8. Qc2 Bd7 9. c5 Be8 10. h3 Nbd7 11. O-O-O Bh5 12. Rdf1 Bxf3 13. gxf3 b6 14. Na4 Qc7 15. Bb4 bxc5 16. dxc5 Rab8 17. a3 a5 18. Bd2 Qa7 19. b4 axb4 20. Bxb4 Ra8 21. Nb6 Nxb6 22. cxb6 Qb7 23. Bc5 Bxc5 24. Qxc5 Nd7 25. Qd6 Nxb6 26. Qxe6+ Kh8 27. Qd6 Rf6 28. Qb4 Ra4 29. Qb3 f4 30. Kc2 Qa7 31. Rb1 Nd7 32. Ba6 Qxa6 33. Qb8+ Rf8 34. Qd6 Qa7 35. Rb3 Rd8 36. Rhb1 Rc4+ 37. Kd2 Ra4 38. Rb7 Qa5+ 39. Kd1 Qa8 40. Rxd7 Rxd7 41. Rb8+ 1-0

[Event "Int SVK-ch Open 2020"]
[Site "Drienica"]
[Date "2020.08.09"]
[Round "3.25"]
[White "Panko, Eduard"]
[Black "Holicky, Miroslav"]
[Result "1/2-1/2"]
[ECO "A03"]
[WhiteElo "1991"]
[BlackElo "1805"]
[Annotator "ChessBase"]
[PlyCount "45"]
[EventDate "2020.08.07"]
[EventType "swiss"]
[EventCountry "SVK"]
[SourceTitle "playchess.com"]
[Source "ChessBase"]
[SourceQuality "1"]
[TimeControl "40/5400+30:1800+30"]

1. b3 d5 2. Bb2 Nd7 3. f4 Ngf6 4. Nf3 e6 5. e3 Be7 6. Be2 b6 7. Bb5 O-O 8. O-O Bb7 9. Bxd7 Nxd7 10. d3 Bf6 11. Ne5 Bxe5 12. fxe5 Qg5 13. Rf3 Qh5 14. Qe1 c5 15. Rh3 Qg5 16. Qe2 c4 17. Nd2 cxd3 18. cxd3 Ba6 19. Rg3 Qe7 20. Qg4 f5 21. exf6 Nxf6 22. Bxf6 Rxf6 23. d4 1/2-1/2

[Event "Int SVK-ch Open 2020"]
[Site "Drienica"]
[Date "2020.08.10"]
[Round "4.1"]
[White "Bures Jaroslav"]
[Black "Istona Martin"]
[Result "1/2-1/2"]
[ECO "D38"]
[WhiteElo "2396"]
[BlackElo "2267"]
[Annotator "ChessBase"]
[PlyCount "47"]
[EventDate "2020.08.07"]
[EventType "swiss"]
[EventCountry "SVK"]
[SourceTitle "playchess.com"]
[Source "ChessBase"]
[SourceQuality "1"]
[TimeControl "40/5400+30:1800+30"]

1. d4 Nf6 2. c4 e6 3. Nc3 d5 4. cxd5 exd5 5. Bg5 Bb4 6. a3 Bxc3+ 7. bxc3 h6 8. Bxf6 Qxf6 9. e3 O-O 10. Nf3 c5 11. Be2 Be6 12. Rb1 b6 13. O-O Nd7 14. Nd2 Rac8 15. Bf3 Rfd8 16. Qa4 Rc7 17. Rb2 Qe7 18. h3 Nf6 19. Ra1 Rdc8 20. Qd1 cxd4 21. cxd4 Rc3 22. Rb3 Qc7 23. Rxc3 Qxc3 24. Nf1 1/2-1/2

[Event "Int SVK-ch Open 2020"]
[Site "Drienica"]
[Date "2020.08.10"]
[Round "4.1"]
[White "Socko, Weronika"]
[Black "Sevcikova, Lucia"]
[Result "1/2-1/2"]
[ECO "D08"]
[WhiteElo "1741"]
[BlackElo "2017"]
[Annotator "ChessBase"]
[PlyCount "71"]
[EventDate "2020.08.07"]
[EventType "swiss"]
[EventCountry "SVK"]
[SourceTitle "playchess.com"]
[Source "ChessBase"]
[SourceQuality "1"]
[TimeControl "40/5400+30:1800+30"]

1. d4 d5 2. c4 e5 3. cxd5 Qxd5 4. dxe5 Qxd1+ 5. Kxd1 Nc6 6. e4 Nxe5 7. Be2 Bc5 8. f3 Be6 9. Bf4 O-O-O+ 10. Kc2 Nc6 11. Nc3 Nb4+ 12. Kc1 Ne7 13. a3 Nd3+ 14. Bxd3 Rxd3 15. Kc2 Rhd8 16. Nge2 Bc4 17. b3 Be6 18. b4 Bb6 19. Rhd1 Bc4 20. Rxd3 Bxd3+ 21. Kb3 Bxe2 22. Nxe2 Ng6 23. Bg3 Be3 24. Ra2 c6 25. Rc2 Rd3+ 26. Rc3 Rxc3+ 27. Kxc3 Kd7 28. Kd3 Bb6 29. Kc4 Bc7 30. f4 f6 31. Kd4 a5 32. h3 axb4 33. axb4 Bb6+ 34. Kc4 Bc7 35. Kd4 Bb6+ 36. Kc4 1/2-1/2

[Event "Int SVK-ch Open 2020"]
[Site "Drienica"]
[Date "2020.08.10"]
[Round "4.2"]
[White "Frink Ferenc"]
[Black "Czebe Attila"]
[Result "0-1"]
[ECO "A05"]
[WhiteElo "2079"]
[BlackElo "2378"]
[Annotator "ChessBase"]
[PlyCount "50"]
[EventDate "2020.08.07"]
[EventType "swiss"]
[EventCountry "SVK"]
[SourceTitle "playchess.com"]
[Source "ChessBase"]
[SourceQuality "1"]
[TimeControl "40/5400+30:1800+30"]

1. Nf3 Nf6 2. g3 b5 3. Bg2 Bb7 4. d3 e6 5. O-O Be7 6. Nbd2 O-O 7. e4 c5 8. Re1 Nc6 9. c3 d6 10. Nf1 a5 11. Nh4 a4 12. f4 b4 13. d4 d5 14. e5 Ne4 15. Be3 a3 16. Qg4 axb2 17. Rab1 bxc3 18. f5 Bxh4 19. Bxe4 dxe4 20. Bh6 Bg5 21. Bxg5 exf5 22. Qxf5 Qxd4+ 23. Ne3 Nxe5 24. Kg2 Qd2+ 25. Kh3 Bc8 0-1

[Event "Int SVK-ch Open 2020"]
[Site "Drienica"]
[Date "2020.08.10"]
[Round "4.3"]
[White "Manik Mikulas"]
[Black "Brnusak Tomas"]
[Result "1-0"]
[ECO "B42"]
[WhiteElo "2366"]
[BlackElo "2064"]
[Annotator "RC"]
[PlyCount "87"]
[EventDate "2020.08.07"]
[EventType "swiss"]
[EventCountry "SVK"]
[SourceTitle "playchess.com"]
[Source "ChessBase"]
[SourceQuality "1"]
[TimeControl "40/5400+30:1800+30"]

1. e4 c5 2. Nf3 e6 3. d4 cxd4 4. Nxd4 a6 5. Bd3 Qc7 6. Qe2 d6 7. O-O Nf6 8. f4 g6 9. a4 Bg7 10. a5 O-O 11. Nb3 Nc6 12. Nc3 e5 13. fxe5 Nxe5 14. Bg5 Bg4 15. Qd2 Ned7 16. Bxf6 Nxf6 17. Rxf6 Bxf6 18. Nd5 Qd8 19. Qf4 Bxb2 20. Rb1 Be6 21. Rxb2 Bxd5 22. exd5 Rc8 23. Rb1 Re8 24. Nd2 Qxa5 25. Ne4 Rxe4 26. Qxe4 Qc5+ 27. Kh1 b5 28. h3 Rb8 29. Ra1 Kf8 30. Rxa6 Re8 31. Qh4 Qc3 32. Kh2 Qe5+ 33. Qg3 Qxd5 34. Qxd6+ Qxd6+ 35. Rxd6 Rb8 36. Rd5 b4 37. Rd7 Ke8 38. Rc7 b3 39. cxb3 Rxb3 40. Bc4 Rb6 41. Bxf7+ Kd8 42. Ra7 h6 43. Bc4 g5 44. Ra6 1-0

[Event "Int SVK-ch Open 2020"]
[Site "Drienica"]
[Date "2020.08.10"]
[Round "4.3"]
[White "Sankova, Stella"]
[Black "Tomcikova, Zuzana"]
[Result "1-0"]
[ECO "C11"]
[WhiteElo "1990"]
[BlackElo "1785"]
[Annotator "ChessBase"]
[PlyCount "47"]
[EventDate "2020.08.07"]
[EventType "swiss"]
[EventCountry "SVK"]
[SourceTitle "playchess.com"]
[Source "ChessBase"]
[SourceQuality "1"]
[TimeControl "40/5400+30:1800+30"]

1. e4 e6 2. d4 d5 3. Nc3 Nf6 4. e5 Nfd7 5. f4 c5 6. Nf3 Nc6 7. Be3 a6 8. Qd2 b5 9. a3 Qb6 10. Ne2 Bb7 11. Ng3 cxd4 12. Nxd4 Nxd4 13. Bxd4 Bc5 14. c3 Qc7 15. Bd3 O-O 16. O-O Rac8 17. Rae1 Rfe8 18. Kh1 Bf8 19. f5 exf5 20. Bxf5 g6 21. e6 fxe6 22. Bxe6+ Rxe6 23. Rxe6 Rd8 24. Qg5 1-0

[Event "Int SVK-ch Open 2020"]
[Site "Drienica"]
[Date "2020.08.10"]
[Round "4.4"]
[White "Sedlakova, Ivana"]
[Black "Bochnickova, Simona"]
[Result "0-1"]
[ECO "D63"]
[WhiteElo "1983"]
[BlackElo "1785"]
[Annotator "ChessBase"]
[PlyCount "76"]
[EventDate "2020.08.07"]
[EventType "swiss"]
[EventCountry "SVK"]
[SourceTitle "playchess.com"]
[Source "ChessBase"]
[SourceQuality "1"]
[TimeControl "40/5400+30:1800+30"]

1. d4 d5 2. c4 e6 3. Nc3 Nf6 4. Bg5 Be7 5. e3 O-O 6. Nf3 Nbd7 7. Rc1 b6 8. cxd5 exd5 9. Bd3 Bb7 10. O-O h6 11. Bxf6 Nxf6 12. Qe2 c5 13. dxc5 bxc5 14. Rfd1 Qb6 15. e4 d4 16. Na4 Qa5 17. b3 Bd6 18. Qc2 Rac8 19. g3 Rfe8 20. Re1 Nd7 21. Nb2 Qc7 22. Nc4 Nb6 23. Nxd6 Qxd6 24. e5 Qc7 25. Be4 Nd5 26. Nxd4 Rxe5 27. Nb5 Qe7 28. Bh7+ Kh8 29. Rxe5 Qxe5 30. Qf5 Qe7 31. Qb1 g6 32. Bxg6 fxg6 33. Qxg6 Rc6 34. Qc2 Re6 35. Kf1 Qf6 36. Qxc5 Qf3 37. Qd4+ Kg8 38. Kg1 Nc7 0-1

[Event "Int SVK-ch Open 2020"]
[Site "Drienica"]
[Date "2020.08.10"]
[Round "4.5"]
[White "Panko, Radoslav"]
[Black "Juhar Roman"]
[Result "1/2-1/2"]
[ECO "B00"]
[WhiteElo "2031"]
[BlackElo "2225"]
[Annotator "RC"]
[PlyCount "82"]
[EventDate "2020.08.07"]
[EventType "swiss"]
[EventCountry "SVK"]
[SourceTitle "playchess.com"]
[Source "ChessBase"]
[SourceQuality "1"]
[TimeControl "40/5400+30:1800+30"]

1. f4 b6 2. e4 Bb7 3. d3 g6 4. Nf3 Bg7 5. Be2 e6 6. c4 Ne7 7. Nc3 f5 8. e5 d6 9. d4 dxe5 10. dxe5 Qxd1+ 11. Bxd1 h6 12. Nb5 Na6 13. O-O Kf7 14. a3 Rhd8 15. Be3 Be4 16. Be2 Bd3 17. Kf2 Nc6 18. b4 g5 19. g3 Rd7 20. Rad1 Rad8 21. Nc3 g4 22. Ng1 Nab8 23. Bxd3 Rxd3 24. Rxd3 Rxd3 25. Nge2 Bf8 26. Rd1 Rxd1 27. Nxd1 Ke8 28. Ke1 Kd7 29. Kd2 h5 30. Nf2 Ne7 31. Nd3 Ng6 32. Kc3 Nc6 33. c5 Bh6 34. Bf2 Nce7 35. Kc4 Nc6 36. Kb5 Nb8 37. a4 Ne7 38. Nd4 Bf8 39. Nb3 Nd5 40. cxb6 cxb6 41. Kc4 a6 1/2-1/2

[Event "Int SVK-ch Open 2020"]
[Site "Drienica"]
[Date "2020.08.10"]
[Round "4.5"]
[White "Strapec, Lukas"]
[Black "Skovran, Jaroslav"]
[Result "1/2-1/2"]
[ECO "D37"]
[WhiteElo "1517"]
[BlackElo "1975"]
[Annotator "ChessBase"]
[PlyCount "62"]
[EventDate "2020.08.07"]
[EventType "swiss"]
[EventCountry "SVK"]
[SourceTitle "playchess.com"]
[Source "ChessBase"]
[SourceQuality "1"]
[TimeControl "40/5400+30:1800+30"]

1. d4 d5 2. Nf3 Nf6 3. c4 e6 4. Nc3 Be7 5. Bf4 c6 6. e3 O-O 7. Qc2 Nbd7 8. Bd3 Re8 9. O-O Nf8 10. Rab1 Nh5 11. Be5 f6 12. Bg3 g6 13. b4 Nxg3 14. hxg3 a6 15. a4 b6 16. b5 dxc4 17. Bxc4 cxb5 18. axb5 a5 19. Qe4 Rb8 20. Rfd1 Bd6 21. Rbc1 Kg7 22. Ne2 Bb7 23. Qd3 Qe7 24. e4 Rbd8 25. d5 exd5 26. exd5 Ba3 27. Rc2 Bc5 28. Nf4 Qd6 29. Re2 Bc8 30. Rde1 Bd7 31. Rxe8 Rxe8 1/2-1/2

[Event "Int SVK-ch Open 2020"]
[Site "Drienica"]
[Date "2020.08.10"]
[Round "4.6"]
[White "Tomcik, Milan"]
[Black "Paluska, Karol"]
[Result "0-1"]
[ECO "B10"]
[WhiteElo "1963"]
[BlackElo "1871"]
[Annotator "ChessBase"]
[PlyCount "72"]
[EventDate "2020.08.07"]
[EventType "swiss"]
[EventCountry "SVK"]
[SourceTitle "playchess.com"]
[Source "ChessBase"]
[SourceQuality "1"]
[TimeControl "40/5400+30:1800+30"]

1. e4 c6 2. Nc3 d5 3. Nf3 Nf6 4. e5 Ne4 5. Ne2 Qb6 6. d4 e6 7. Nfg1 f6 8. f3 Ng5 9. exf6 gxf6 10. f4 Nf7 11. Nf3 c5 12. Ng3 Nc6 13. dxc5 Bxc5 14. Nh5 Bf2+ 15. Ke2 Ke7 16. c3 Nd6 17. Qd3 Bd7 18. a4 a5 19. g4 Ne4 20. g5 f5 21. Nf6 Nxf6 22. gxf6+ Kxf6 23. Ne5 Nxe5 24. fxe5+ Ke7 25. Bg5+ Kf7 26. Rd1 Bxa4 27. b3 Qxb3 28. Qb1 Qxd1+ 29. Qxd1 Bxd1+ 30. Kxd1 a4 31. Kc2 Rhg8 32. h4 Rg6 33. Be2 h6 34. Bh5 hxg5 35. hxg5 a3 36. Rb1 b6 0-1

[Event "Int SVK-ch Open 2020"]
[Site "Drienica"]
[Date "2020.08.10"]
[Round "4.8"]
[White "Ferkova, Dominika"]
[Black "Soldan, Jan"]
[Result "1-0"]
[ECO "D37"]
[WhiteElo "2088"]
[BlackElo "1782"]
[Annotator "ChessBase"]
[PlyCount "57"]
[EventDate "2020.08.07"]
[EventType "swiss"]
[EventCountry "SVK"]
[SourceTitle "playchess.com"]
[Source "ChessBase"]
[SourceQuality "1"]
[TimeControl "40/5400+30:1800+30"]

1. d4 Nf6 2. c4 e6 3. Nc3 d5 4. Nf3 Nc6 5. Bg5 Be7 6. e3 a6 7. a3 O-O 8. Bd3 h6 9. Bh4 Nh7 10. Bxe7 Nxe7 11. O-O b6 12. Rc1 Bb7 13. cxd5 Nxd5 14. Nxd5 Bxd5 15. Qc2 Ng5 16. Nd2 Ra7 17. f4 f5 18. fxg5 Qxg5 19. e4 Qe3+ 20. Kh1 fxe4 21. Bxe4 Bxe4 22. Rxf8+ Kxf8 23. Nxe4 Qxd4 24. Rf1+ Ke7 25. Ng3 c5 26. Qe2 g6 27. Qf3 Qg7 28. b3 Rc7 29. Qa8 1-0

[Event "Int SVK-ch Open 2020"]
[Site "Drienica"]
[Date "2020.08.10"]
[Round "4.9"]
[White "Bochnicka Vladimir"]
[Black "Majek, Kacper"]
[Result "0-1"]
[ECO "C54"]
[WhiteElo "2151"]
[BlackElo "1970"]
[Annotator "ChessBase"]
[PlyCount "62"]
[EventDate "2020.08.07"]
[EventType "swiss"]
[EventCountry "SVK"]
[SourceTitle "playchess.com"]
[Source "ChessBase"]
[SourceQuality "1"]
[TimeControl "40/5400+30:1800+30"]

1. e4 e5 2. Nf3 Nc6 3. Bc4 Bc5 4. c3 Nf6 5. d3 O-O 6. Nbd2 d6 7. O-O a5 8. a4 Be6 9. Bb3 Ba7 10. h3 Qd7 11. Bc2 Ne7 12. Ng5 Ng6 13. Nxe6 Qxe6 14. Nf3 d5 15. Bb3 Qc6 16. exd5 Nxd5 17. d4 Rad8 18. c4 Ndf4 19. d5 Qf6 20. Be3 e4 21. Ne1 Bxe3 22. fxe3 Qb6 23. Kf2 Ne5 24. Qc2 Nfd3+ 25. Nxd3 Nxd3+ 26. Ke2 c6 27. Rf5 cxd5 28. Rxd5 Nb4 29. Qc3 Nxd5 30. cxd5 Rc8 31. Bc4 Rxc4 0-1

[Event "Int SVK-ch Open 2020"]
[Site "Drienica"]
[Date "2020.08.10"]
[Round "4.9"]
[White "Kukan, Michal"]
[Black "Hudak, Vasil"]
[Result "0-1"]
[ECO "A35"]
[WhiteElo "1760"]
[BlackElo "1984"]
[Annotator "ChessBase"]
[PlyCount "80"]
[EventDate "2020.08.07"]
[EventType "swiss"]
[EventCountry "SVK"]
[SourceTitle "playchess.com"]
[Source "ChessBase"]
[SourceQuality "1"]
[TimeControl "40/5400+30:1800+30"]

1. c4 Nf6 2. Nc3 c5 3. Nf3 Nc6 4. d4 cxd4 5. Nxd4 g6 6. e4 d6 7. Be2 Bg7 8. Be3 O-O 9. O-O Bd7 10. Rc1 Rc8 11. b3 b6 12. f3 Na5 13. Qd2 Nb7 14. Rfd1 Nc5 15. Ncb5 a6 16. Nc3 Be8 17. Bh6 Nfd7 18. Bxg7 Kxg7 19. f4 Kg8 20. Bg4 e6 21. Nf3 Nf6 22. Bh3 Nfxe4 23. Nxe4 Nxe4 24. Qe3 Bc6 25. Nd4 Qc7 26. Nxe6 fxe6 27. Bxe6+ Kg7 28. Bxc8 Qxc8 29. Qd4+ Kg8 30. Qxb6 Rxf4 31. c5 d5 32. Rc4 Rf8 33. Rc2 Rf6 34. Qa5 Qg4 35. Re1 Qc8 36. Rce2 Bb5 37. Rc2 Qf5 38. h3 Ng3 39. Qd2 Ne4 40. a4 Nxd2 0-1

[Event "Int SVK-ch Open 2020"]
[Site "Drienica"]
[Date "2020.08.10"]
[Round "4.10"]
[White "Macko Michal"]
[Black "Garancovsky, Pavol"]
[Result "1-0"]
[ECO "B23"]
[WhiteElo "2142"]
[BlackElo "2025"]
[Annotator "ChessBase"]
[PlyCount "79"]
[EventDate "2020.08.07"]
[EventType "swiss"]
[EventCountry "SVK"]
[SourceTitle "playchess.com"]
[Source "ChessBase"]
[SourceQuality "1"]
[TimeControl "40/5400+30:1800+30"]

1. e4 c5 2. Nc3 Nc6 3. Bb5 Nd4 4. Bc4 e6 5. Nge2 a6 6. d3 b5 7. Bb3 Nxb3 8. axb3 Bb7 9. O-O d5 10. exd5 exd5 11. d4 Nf6 12. Ng3 Qd7 13. Re1+ Be7 14. dxc5 O-O 15. Qd4 Rac8 16. b4 Ne8 17. Bf4 g5 18. Nf5 Bf6 19. Nh6+ Kg7 20. Be5 Bxe5 21. Rxe5 Kxh6 22. Rae1 Nc7 23. h4 Ne6 24. Qg4 Kg7 25. Rxg5+ Kh8 26. Rh5 Rg8 27. Qf5 Rg6 28. Ne2 Nxc5 29. bxc5 Qxf5 30. Rxf5 Rxc5 31. Nd4 Rc7 32. h5 Rg4 33. h6 Re4 34. Re5 Rc8 35. f3 f6 36. Re7 Rxe1+ 37. Rxe1 Kg8 38. Re7 Rc4 39. Rg7+ Kh8 40. Rxb7 1-0

[Event "Int SVK-ch Open 2020"]
[Site "Drienica"]
[Date "2020.08.10"]
[Round "4.11"]
[White "Belis, Rudolf"]
[Black "Sevcik, Lubomir"]
[Result "1-0"]
[ECO "D06"]
[WhiteElo "1924"]
[BlackElo "1748"]
[Annotator "ChessBase"]
[PlyCount "71"]
[EventDate "2020.08.07"]
[EventType "swiss"]
[EventCountry "SVK"]
[SourceTitle "playchess.com"]
[Source "ChessBase"]
[SourceQuality "1"]
[TimeControl "40/5400+30:1800+30"]

1. d4 d5 2. c4 Nf6 3. cxd5 Nxd5 4. Nf3 c6 5. e4 Nf6 6. Nc3 Bg4 7. Bg5 Qa5 8. Qd2 Bxf3 9. gxf3 Nbd7 10. Bc4 e6 11. O-O-O h6 12. Bf4 Nh5 13. Be3 Bd6 14. Kb1 Qc7 15. Bb3 Nb6 16. Rc1 Bf4 17. Nb5 Qb8 18. Bxf4 Nxf4 19. e5 g5 20. Nd6+ Ke7 21. h4 Qc7 22. Nb5 Qd8 23. hxg5 Nbd5 24. Bxd5 Nxd5 25. Nd6 h5 26. f4 Qb6 27. Rh3 Qa6 28. Ra3 Qb6 29. Rb3 Qxb3 30. axb3 h4 31. f5 exf5 32. Nxf5+ Kd7 33. Nd6 h3 34. Rh1 h2 35. f4 Rh3 36. Rxh2 1-0

[Event "Int SVK-ch Open 2020"]
[Site "Drienica"]
[Date "2020.08.10"]
[Round "4.12"]
[White "Lehocz, Jozsef Jr."]
[Black "Bakalar, Jan"]
[Result "1/2-1/2"]
[ECO "C42"]
[WhiteElo "1596"]
[BlackElo "1900"]
[Annotator "ChessBase"]
[PlyCount "44"]
[EventDate "2020.08.07"]
[EventType "swiss"]
[EventCountry "SVK"]
[SourceTitle "playchess.com"]
[Source "ChessBase"]
[SourceQuality "1"]
[TimeControl "40/5400+30:1800+30"]

1. e4 e5 2. Bc4 Nf6 3. Nf3 Bc5 4. d3 d6 5. h3 c6 6. Nc3 b5 7. Bb3 a5 8. a3 Qe7 9. Bg5 a4 10. Ba2 Be6 11. d4 exd4 12. Nxd4 h6 13. Nxe6 fxe6 14. Bh4 g5 15. Bg3 e5 16. Qf3 Nbd7 17. Qf5 O-O-O 18. h4 Nh5 19. Qg4 Nhf6 20. Qf5 Nh5 21. Qg4 Nhf6 22. Qf5 Nh5 1/2-1/2

[Event "Int SVK-ch Open 2020"]
[Site "Drienica"]
[Date "2020.08.10"]
[Round "4.13"]
[White "Marsina, Stefan"]
[Black "Ganzova, Veronika"]
[Result "0-1"]
[ECO "A48"]
[WhiteElo "1829"]
[BlackElo "1614"]
[Annotator "NA"]
[PlyCount "66"]
[EventDate "2020.08.07"]
[EventType "swiss"]
[EventCountry "SVK"]
[SourceTitle "playchess.com"]
[Source "ChessBase"]
[SourceQuality "1"]
[TimeControl "40/5400+30:1800+30"]

1. d4 Nf6 2. Nf3 g6 3. c4 Bg7 4. Nc3 d6 5. e4 O-O 6. h3 e5 7. d5 Nbd7 8. Be3 Ne8 9. Qc2 {[%emt 0:18:48] [#] E90: King's Indian: Classical: Early deviations and 6 h3.} Nb6 $146 ({Predecessor:} 9... b6 10. g4 a5 11. O-O-O Nc5 12. g5 Bh8 13. Be2 Ng7 14. Nh2 Nh5 15. Bxh5 gxh5 16. Qe2 Ba6 17. Qxh5 Bxc4 {1-0 (36) Meulner,F (2066)-Grunert,F (1778) Willingen 2017}) 10. b4 a5 11. bxa5 Rxa5 12. Bd3 c6 13. Rb1 Nd7 14. dxc6 bxc6 15. O-O Nc5 16. Rfd1 f5 17. Nd2 f4 18. Bxc5 Rxc5 19. Nb3 f3 20. g3 Bxh3 21. Nxc5 Qg5 22. Bf1 {[%emt 0:00:50] [#]} Qh5 $1 23. Nd3 Nf6 24. Ne1 Bxf1 (24... Ng4 $17 25. Nxf3 Rxf3) 25. Nxf3 {[%emt 0:00:20] [#]} ({Avoid the trap} 25. Rxd6 $2 Ng4 $19 26. Nxf3 Rxf3 $19) 25... Qh3 $1 26. Ne1 $2 (26. Rxf1 $15 Ng4 27. Rb8 Rxb8 28. Rd1) 26... Ng4 27. f3 Qxg3+ 28. Kxf1 Ne3+ $19 {[%emt 0:00:07] Double Attack} 29. Ke2 Nxc2 30. Nxc2 Qxf3+ 31. Kd2 Bh6+ 32. Ne3 Qf2+ 33. Kd3 Qxe3+ 0-1

[Event "Int SVK-ch Open 2020"]
[Site "Drienica"]
[Date "2020.08.10"]
[Round "4.14"]
[White "Ondo Tomas"]
[Black "Antal, Jakub"]
[Result "1/2-1/2"]
[ECO "B04"]
[WhiteElo "2065"]
[BlackElo "1918"]
[Annotator "ChessBase"]
[PlyCount "48"]
[EventDate "2020.08.07"]
[EventType "swiss"]
[EventCountry "SVK"]
[SourceTitle "playchess.com"]
[Source "ChessBase"]
[SourceQuality "1"]
[TimeControl "40/5400+30:1800+30"]

1. e4 Nf6 2. e5 Nd5 3. d4 d6 4. Nf3 g6 5. Bc4 Nb6 6. Bb3 Bg7 7. Qe2 O-O 8. h3 dxe5 9. dxe5 c5 10. O-O Nc6 11. c3 Bf5 12. Rd1 Qc8 13. Bf4 Be6 14. Na3 Bxb3 15. axb3 Qf5 16. Bg3 Rfd8 17. Nc4 Nd5 18. Ne3 Nxe3 19. Qxe3 b6 20. e6 fxe6 21. Re1 e5 22. Nxe5 Nxe5 23. Bxe5 Bxe5 24. Qxe5 Qxe5 1/2-1/2

[Event "Int SVK-ch Open 2020"]
[Site "Drienica"]
[Date "2020.08.10"]
[Round "4.14"]
[White "Furman, Maximilian Jan"]
[Black "Nandrazi, Dominik"]
[Result "1-0"]
[ECO "B06"]
[WhiteElo "1610"]
[BlackElo "1883"]
[Annotator "NA"]
[PlyCount "89"]
[EventDate "2020.08.07"]
[EventType "swiss"]
[EventCountry "SVK"]
[SourceTitle "playchess.com"]
[Source "ChessBase"]
[SourceQuality "1"]
[TimeControl "40/5400+30:1800+30"]

1. e4 g6 2. d4 d6 3. Nc3 Bg7 4. Be3 c6 5. Bd3 b5 6. f4 b4 {[%emt 0:02:19] B06: Modern Defence.} 7. Nce2 Nf6 8. h3 Ba6 (8... c5 $11) 9. Nf3 Bxd3 10. Qxd3 {[%emt 0:00:08] [#]} Nbd7 $146 ({Predecessor:} 10... Qa5 11. O-O Nbd7 12. Bd2 Qb6 13. e5 dxe5 14. fxe5 Nd5 15. e6 fxe6 16. Ng5 Nc7 {½-½ (38) Vrana,J (2306)-Mackowiak,M (2236) Olomouc 2011}) 11. Ng3 Qa5 12. O-O O-O 13. Bd2 Qb6 14. Be3 c5 15. e5 Ne8 16. dxc5 Nxc5 17. Qc4 Rc8 18. Rfe1 Nc7 (18... Qb8 $11 {keeps the balance.}) 19. a3 (19. f5 $16) 19... bxa3 20. Rxa3 Nb5 21. Ra2 Qb7 22. Ra5 a6 23. Qb4 Rc6 24. Bxc5 dxc5 25. Qc4 Rd8 26. Qb3 Qb6 27. Ra4 Rd1 ({Black should try} 27... Bh6 $15 28. Rc4 Nd4 29. Nxd4 Rxd4) 28. Qe3 (28. Qc4 $5 Rd8 29. Rea1 $14) 28... Rxe1+ 29. Nxe1 Nd4 30. c3 Qb5 31. Ra3 Ne6 32. Nd3 (32. b3 $1 $11 {keeps the balance.}) 32... Bh6 33. Qe4 Rc8 $2 (33... c4 $19 34. Nb4 Rc5 35. Qa8+ Nf8 36. Rxa6 Bxf4 {[%mdl 64] Double Attack}) 34. c4 Qb6 35. f5 Nd4 {[%emt 0:00:30] [#]} 36. Qh4 (36. e6 $1 $16 Bg7 (36... fxe6 37. fxg6) 37. exf7+ Kxf7 38. Qd5+ Kf8 39. fxg6 hxg6 40. Ne4) 36... Be3+ 37. Kh2 g5 $2 (37... gxf5 $11 38. Nf1 Qh6 39. Qxe7 Rc6) 38. Qe4 Nc2 $18 (38... Bf4 39. Nxf4 gxf4) 39. Rc3 Bd4 40. Rxc2 Qb3 41. Nc1 Bg1+ 42. Kxg1 Qxg3 43. Rc3 Qf4 44. Qxf4 gxf4 45. Nd3 1-0

[Event "Int SVK-ch Open 2020"]
[Site "Drienica"]
[Date "2020.08.10"]
[Round "4.15"]
[White "Zahradnik, Vladimir"]
[Black "Dragula, Miroslav"]
[Result "1-0"]
[ECO "C07"]
[WhiteElo "1875"]
[BlackElo "1571"]
[Annotator "NA"]
[PlyCount "49"]
[EventDate "2020.08.07"]
[EventType "swiss"]
[EventCountry "SVK"]
[SourceTitle "playchess.com"]
[Source "ChessBase"]
[SourceQuality "1"]
[TimeControl "40/5400+30:1800+30"]

1. e4 e6 2. d4 d5 3. Nd2 c5 4. exd5 Qxd5 5. Ngf3 Nf6 6. Bc4 Qh5 7. c3 cxd4 8. cxd4 Be7 9. O-O O-O 10. Re1 Nc6 11. Ne4 h6 12. Ng3 Qa5 13. a3 a6 14. Bd2 Qd8 15. Bc3 b5 16. Bd3 Bb7 17. Ne5 Qd5 18. Ne4 b4 19. Bc4 Qd8 20. Nxf6+ gxf6 21. Nxc6 Bxc6 22. axb4 Bb5 23. Bxb5 axb5 24. Qh5 Qd5 25. Qxd5 1-0

[Event "Int SVK-ch Open 2020"]
[Site "Drienica"]
[Date "2020.08.10"]
[Round "4.16"]
[White "Sedlak, Mikulas"]
[Black "Geffert, Peter"]
[Result "0-1"]
[ECO "B50"]
[WhiteElo "1573"]
[BlackElo "1857"]
[Annotator "NA"]
[PlyCount "86"]
[EventDate "2020.08.07"]
[EventType "swiss"]
[EventCountry "SVK"]
[SourceTitle "playchess.com"]
[Source "ChessBase"]
[SourceQuality "1"]
[TimeControl "40/5400+30:1800+30"]

1. e4 c5 2. Nf3 d6 3. c3 Nf6 4. Be2 Nc6 5. d3 g6 6. Nbd2 Bg7 7. O-O O-O 8. Qc2 {[%emt 0:01:09] [#] B50: Sicilian: 2...d6, Miscellaneous.} e6 $146 ({Predecessor:} 8... e5 9. a3 Be6 10. b4 a6 11. Rb1 b5 12. Ng5 Bd7 13. Nb3 cxb4 14. axb4 Qc7 15. Bd1 Rfc8 {0-1 (38) Papadopoulos,P (2247)-Bashirli,N (2383) Belgrade 2019}) 9. h3 a6 10. Nh2 d5 11. Ng4 e5 12. Nxf6+ Bxf6 13. exd5 Qxd5 14. Bf3 Qe6 15. Bg4 Qe7 16. Bxc8 Raxc8 17. Ne4 Bg7 18. Be3 Nd8 19. Nxc5 Rxc5 20. Bxc5 Qxc5 21. Rfe1 Ne6 22. Qe2 Rd8 23. g3 Qd5 24. Qe4 Qxd3 25. Qxd3 Rxd3 26. Rad1 Nc5 27. Rxd3 Nxd3 28. Re2 f5 29. f3 Kf7 30. b3 Bh6 31. Kf1 Kf6 32. Rc2 e4 33. fxe4 fxe4 34. Ke2 Ke5 35. a3 Nc1+ 36. Kd1 Nxb3 37. Rf2 Ke6 38. g4 {[%emt 0:03:19] [#]} Bd2 $1 39. Rxd2 (39. Rf8 $142 e3 40. Re8+ Kd5 41. Re7) 39... Nxd2 40. Kxd2 g5 41. c4 Ke5 42. Ke3 b6 43. a4 a5 0-1